 Dungeon Crawl Stone Soup version 0.30-a0-54-g2e61a25929 (webtiles) character file.

Game seed: 9029789724221847195

629 iamoutofideas the Magician (level 7, -4/36 HPs)
             Began as a Deep Elf Fire Elementalist on Sept 8, 2022.
             Slain by an ogre
             ... wielding a +0 giant club
              (20 damage)
             ... on level 4 of the Dungeon.
             The game lasted 00:07:27 (5016 turns).

iamoutofideas the Magician (DEFE)                   Turns: 5016, Time: 00:07:28

Health: -4/36      AC:  7    Str:  5    XL:     7   Next: 23%
Magic:  14/20      EV: 17    Int: 22    God:
Gold:   280        SH:  0    Dex: 15    Spells: 11/21 levels left

rFire   . . .      SeeInvis .    (no weapon)
rCold   . . .      Faith    .    (no shield)
rNeg    . . .      Spirit   .    r - +2 robe {Will+}
rPois   .          Reflect  .    (no helmet)
rElec   .          Harm     .    e - +0 cloak
rCorr   .          Rampage  .    w - +0 pair of gloves
Will    ++...                    k - +0 pair of boots
Stlth   ++........               (no amulet)
HPRegen 0.12/turn                i - +4 ring of evasion
MPRegen 0.17/turn                j - ring of willpower

@: no status effects
A: no striking features
a: no special abilities


You were on level 4 of the Dungeon.
You visited 1 branch of the dungeon, and saw 4 of its levels.
You also visited: Sewer.

You collected 280 gold pieces.

Inventory:

Missiles
 a - 22 poisoned darts
Armour
 e - a +0 cloak (worn)
 k - a +0 pair of boots (worn)
 r - a +2 robe of willpower (worn)
 w - a +0 pair of gloves (worn)
Jewellery
 f - a ring of fire
 i - a +4 ring of evasion (left hand)
 j - a ring of willpower (right hand)
 v - a ring of see invisible
 x - a ring of ice
Wands
 z - a wand of polymorph (4)
Scrolls
 g - 3 scrolls of vulnerability
 h - a scroll of poison {unknown}
 n - a scroll of fear
 p - 2 scrolls of blinking {unknown}
 q - a scroll of enchant weapon {unknown}
 s - 3 scrolls of teleportation
 y - a scroll of fog {unknown}
Potions
 b - a potion of magic
 c - a potion of haste {unknown}
 d - a potion of might
 l - 2 potions of heal wounds
 m - 4 potions of flight
 o - a potion of berserk rage {unknown}
 t - 3 potions of curing
 u - a potion of lignification {unknown}


   Skills:
 + Level 0.2 Fighting
 + Level 2.8 Dodging
 + Level 3.2 Stealth
 * Level 7.9 Spellcasting
 + Level 3.8 Conjurations
 + Level 5.1 Fire Magic


You had 11 spell levels left.
You knew the following spells:

 Your Spells              Type           Power      Damage    Failure   Level
a - Foxfire               Conj/Fire      100%       2x1d9     1%          1
b - Scorch                Fire           62%        2d8       1%          2
c - Flame Wave            Conj/Fire      28%        2d9       12%         4
d - Conjure Flame         Conj/Fire      28%        6-21      3%          3

Your spell library contained the following spells:

 Spells                   Type           Power      Damage    Failure   Level
 Inner Flame              Hex/Fire       20%        N/A       8%          3


Dungeon Overview and Level Annotations

Branches:
Dungeon (4/15)             Temple (0/1) D:4           Sewer (visited)

Altars:
Dithmenos
Elyvilon
Wu Jian


Message History

Casting: Scorch (safe; 1% risk of failure)
Confirm with . or Enter, or press ? or * to list all spells.
Okay, then.
Casting: Scorch (safe; 1% risk of failure)
Confirm with . or Enter, or press ? or * to list all spells.
The fire begins to smoulder!
The ogre attacks as you move away! The ogre misses you.
The ogre smothers the flame.
The ogre attacks as you move away! The ogre closely misses you.
The ogre is no longer more vulnerable to fire.
An endoplasm comes into view.
Casting: Conjure Flame (dangerous; 3% risk of failure)
Confirm with . or Enter, or press ? or * to list all spells.
Flames lash the ogre.
The ogre is moderately wounded.
The ogre's fire resistance burns away.
The ogre attacks as you move away! The ogre barely misses you.
Casting: Scorch (safe; 1% risk of failure)
Confirm with . or Enter, or press ? or * to list all spells.
You conjure some foxfire!
The ogre hits you with a +0 giant club!!
Ouch! That really hurt!
The ogre is no longer more vulnerable to fire.
The foxfire hits the ogre!
The ogre is severely wounded.
The foxfire hits the ogre.
The ogre is severely wounded.
The ogre attacks as you move away! The ogre misses you.
The ogre attacks as you move away! The ogre completely misses you.
Casting: Foxfire (safe; 1% risk of failure)
Confirm with . or Enter, or press ? or * to list all spells.
Flames lash the endoplasm.
You kill the endoplasm!
Casting: Scorch (safe; 1% risk of failure)
Confirm with . or Enter, or press ? or * to list all spells.
Okay, then.
The ogre attacks as you move away!
The ogre hits you with a +0 giant club!!
Ouch! That really hurt!
You die...

####...#.###
+........#
####....## ##.#.#
###.# #.# #+ #.#
#.### #.#
#.#.#########@#
##...........O.#
##....###########
#.....## ##.....#
##....# #####...#
.......##
########


You could see an ogre.

Vanquished Creatures
  Sigmund (D:2)
  2 kobold brigands (Sewer)
  A necrophage (D:4)
  An orc priest (D:4)
  An iguana (D:4)
  2 orc wizards
  3 adders (D:4)
  2 river rats (D:4)
  2 worms (D:2)
  2 dart slugs
  13 orcs
  4 ball pythons
  6 endoplasms
  3 giant cockroaches
  6 goblins
  8 hobgoblins
  10 jackals
  5 quokkas
  4 bats
  3 frilled lizards
  13 kobolds
  6 rats
98 creatures vanquished.

Vanquished Creatures (collateral kills)
  6 foxfires
6 creatures vanquished.

Vanquished Creatures (others)
  374 foxfires
  A plant (D:2)
375 creatures vanquished.

Grand Total: 479 creatures vanquished

Notes
Turn   | Place    | Note
-------+----------+-------------------------------------------
     0 | D:1      | iamoutofideas the Deep Elf Fire Elementalist began the
                  | quest for the Orb.
     0 | D:1      | Reached XP level 1. HP: 10/10 MP: 6/6
   104 | D:1      | Reached XP level 2. HP: 12/15 MP: 5/8
   642 | D:1      | Found a faded altar of an unknown god.
  1258 | D:1      | Reached XP level 3. HP: 19/19 MP: 5/10
  1822 | D:2      | Reached skill level 4 in Spellcasting
  2142 | D:2      | Noticed Sigmund
  2158 | D:2      | Killed Sigmund
  2159 | D:2      | Reached skill level 5 in Spellcasting
  2159 | D:2      | Reached XP level 4. HP: 17/24 MP: 0/13
  2159 | D:2      | Reached XP level 5. HP: 20/28 MP: 0/15
  2823 | D:3      | Found an ornate altar of the Wu Jian Council.
  2898 | D:3      | Reached skill level 6 in Spellcasting
  2898 | D:3      | Reached XP level 6. HP: 32/32 MP: 7/17
  3083 | D:3      | Found a white marble altar of Elyvilon.
  3254 | D:3      | Found a shadowy altar of Dithmenos.
  3695 | D:4      | Found a glowing drain.
  3795 | Sewer    | Entered a sewer
  3882 | Sewer    | Reached skill level 5 in Fire Magic
  3977 | Sewer    | Found a white marble altar of Elyvilon.
  4171 | D:4      | Reached skill level 7 in Spellcasting
  4186 | D:4      | Learned a level 2 spell: Scorch
  4191 | D:4      | Learned a level 4 spell: Flame Wave
  4195 | D:4      | Learned a level 3 spell: Conjure Flame
  4300 | D:4      | Found a staircase to the Ecumenical Temple.
  4436 | D:4      | Reached XP level 7. HP: 36/36 MP: 14/19
  5016 | D:4      | Slain by an ogre

Illustrated notes

Levels and vault maps discovered:
D:1:      amcnicky_arrival_double_pillar, layout_loops_ring,
          shapermc_ecumenical_altar_mp_urbaneastern, minmay_quantized
D:2:      layout_loops_corners, guppyfry_early_lair_pool, uniq_sigmund
D:3:      layout_basic, nicolae_dithmenos_through_a_glass_darkly,
          elyvilon_altar_3, mainiacjoe_overflow_chevrons
D:4:      layout_loops_corners, nicolae_overflow_hidden_temple,
          minmay_temple_entry_mini_moons, portal_sewer_entry_b

Skill      XL: |  1  2  3  4  5  6 |
---------------+-------------------+-----
Fire Magic     | 4 5 |  5.1
Spellcasting   | 5 6 7 |  7.9
Stealth        | 3 |  3.2
Conjurations   | 2 3 |  3.8
Fighting       | |  0.2
Dodging        | |  2.8

Action                   |  1- 3 |  4- 6 |  7- 9 || total
-------------------------+-------+-------+-------++-------
Melee: Unarmed           |       |     2 |       ||     2
 Cast: Foxfire           |    96 |   116 |    28 ||   240
       Scorch            |       |       |     4 ||     4
       Conjure Flame     |       |       |     1 ||     1
  Use: Scroll            |     3 |     3 |       ||     6
Armor: Robe              |    14 |     9 |     2 ||    25
Dodge: Dodged            |    34 |    24 |    12 ||    70

Table legend: (Time is in decaauts)
 A = Elapsed time spent in this place.
 B = Non-inter-level travel time spent in this place.
 C = Inter-level travel time spent in this place.
 D = Time resting spent in this place.
 E = Time spent auto-exploring this place.
 F = Levels seen in this place.
 G = Mean time per level.
                   A        B        C        D        E       F      G
               +--------+--------+--------+--------+--------+-----+--------+
         Total |   5036 |   4937 |     99 |     79 |   4058 |   5 | 1007.2 |
       Dungeon |   4790 |   4691 |     99 |     79 |   3861 |   4 | 1197.5 |
         Sewer |    246 |    246 |      0 |      0 |    197 |   1 |  246.0 |
               +--------+--------+--------+--------+--------+-----+--------+

Top non-repeatable levels by time:
     D:1: 1357 daAuts
     D:2: 1312 daAuts
     D:4: 1097 daAuts
     D:3: 1022 daAuts
   Sewer: 246 daAuts
